[Event "*** Titled Tuesday Blitz"]
[Site "Chess.com"]
[Date "2020.04.07"]
[Round "4"]
[White "DeGrootteZ"]
[Black "LawrenceTrent"]
[Result "1-0"]
[WhiteElo "2698"]
[BlackElo "2505"]
[TimeControl "180+1"]
[EndTime "13:39:11 PDT"]
[Termination "DeGrootteZ won by resignation"]

1. e4 c5 2. Nf3 Nc6 3. d4 cxd4 4. Nxd4 Nf6 5. Nc3 d6 6. Bg5 e6 7. Qd2 Qb6 8. O-O-O Qxd4 9. Qxd4 Nxd4 10. Rxd4 a6 11. Na4 e5 12. Bxf6 exd4 13. Bxd4 Be6 14. Nb6 Rd8 15. Bd3 Be7 16. f4 f6 17. h3 h5 18. f5 Bf7 19. c4 g6 20. fxg6 Bxg6 21. Rf1 O-O 22. Nd5 Rde8 23. g4 hxg4 24. hxg4 Bd8 25.
Rf4 Re5 26. Bxe5 fxe5 27. Rxf8+ Kxf8 28. Kc2 Kg7 29. Kd2 Kh6 30. Ke2 Kg5 31. Kf3 Kh4 32. Ne3 Bb6 33. Nf5+ Bxf5 34. exf5 Kg5 35. Be4 Bd4 36.
Bxb7 Bxb2 37. Bxa6 1-0

[Event "*** Titled Tuesday Blitz"]
[Site "Chess.com"]
[Date "2020.04.07"]
[Round "4"]
[White "bazar-wokzal"]
[Black "Eltarolo"]
[Result "1-0"]
[WhiteElo "2546"]
[BlackElo "2328"]
[TimeControl "180+1"]
[EndTime "13:39:12 PDT"]
[Termination "bazar-wokzal won by resignation"]

1. e4 c5 2. c3 Nf6 3. e5 Nd5 4.
d4 cxd4 5. cxd4 e6 6. Nc3 Nc6 7. f4 d6 8. Nf3 Be7 9. Bd3 O-O 10. h4 a6 11. Bxh7+ Kxh7 12. Ng5+ Kg6 13. f5+ exf5 14.
h5+ Kh6 15. Nxf7+ Kh7 16. Nxd8 Nxc3 17. bxc3 Bxd8 18. exd6 Re8+ 19. Kf2 Be6 20. d5 Ne5 21. dxe6 Bb6+ 22. Kg3 Rxe6 23. Bf4 Ng4 24. Qd5 Bf2+ 25.
Kf3 Rf6 26. d7 Rd8 27. Rad1 Kh8 28. Bg5 Rc6 29. Bxd8 Rxc3+ 30. Rd3 Rxd3+ 31. Qxd3 Ne5+ 32. Ke2 Nxd3 33. Bc7 1-0

[Event "*** Titled Tuesday Blitz"]
[Site "Chess.com"]
[Date "2020.04.07"]
[Round "4"]
[White "omidnoroozi21"]
[Black "PetrolulSah"]
[Result "1-0"]
[WhiteElo "2565"]
[BlackElo "2232"]
[TimeControl "180+1"]
[EndTime "13:39:12 PDT"]
[Termination "omidnoroozi21 won on time"]

1. e4 e5 2. Nf3 Nc6 3. g3 Nf6 4. d3 g6 5. Bg2 Bg7 6. O-O O-O 7. c3 d5 8. exd5 Nxd5 9. Re1 Re8 10. Nbd2 Bf5 11. Ne4 h6 12. Qc2 a5 13. Bd2 a4 14.
Rad1 a3 15. b4 Nb6 16. Nc5 Qc8 17. Qb3 Nd7 18. Ne4 Be6 19. Qb1 f5 20. Nc5 Nxc5 21.
bxc5 Bd5 22. Bc1 Bf7 23. Nd2 Qe6 24. Nb3 e4 25. d4 Ne7 26. Bd2 Nd5 27. c4 Ne7 28. d5 Qe5 29. Bf4 Qb2 30. Bxc7 Rac8 31. d6 Bxc4 32. d7 Bxb3 33. axb3 Qxb1 34. Rxb1 a2 35. dxe8=Q+ Rxe8 36. Ra1 Bxa1 37. Rxa1 Nd5 38. Bd6 Nc3 39. Bf1 Ra8 40. Be5 1-0

[Event "*** Titled Tuesday Blitz"]
[Site "Chess.com"]
[Date "2020.04.07"]
[Round "4"]
[White "mishanick"]
[Black "Gentlejimmy7"]
[Result "1-0"]
[WhiteElo "3008"]
[BlackElo "2605"]
[TimeControl "180+1"]
[EndTime "13:39:17 PDT"]
[Termination "mishanick won by resignation"]

1. d4 Nf6 2. c4 g6 3. Nc3 d5 4.
cxd5 Nxd5 5. e4 Nxc3 6. bxc3 b6 7. Bb5+ c6 8. Bc4 Bg7 9. h4 h6 10. Nf3 Bg4 11. Bf4 O-O 12. Qd2 b5 13. Bb3 Bxf3 14. gxf3 h5 15. Rg1 Kh7 16. e5 e6 17. Bg5 Qa5 18.
f4 Nd7 19. Be7 Rfe8 20. Bb4 Qb6 21. f5 c5 22. fxg6+ fxg6 23. Qg5 Nf8 24. Bxc5 Qc7 25. Bxf8 Qxc3+ 26. Ke2 Qb2+ 27. Kd3 1-0

[Event "*** Titled Tuesday Blitz"]
[Site "Chess.com"]
[Date "2020.04.07"]
[Round "4"]
[White "ethylalcohol"]
[Black "chessintuit"]
[Result "0-1"]
[WhiteElo "2157"]
[BlackElo "2609"]
[TimeControl "180+1"]
[EndTime "13:39:17 PDT"]
[Termination "chessintuit won by resignation"]

1. d4 d5 2. Nf3 Nf6 3. Bf4 c5 4. c3 Nc6 5. e3 Qb6 6. Qc1 Bf5 7. Nbd2 e6 8. Be2 h6 9. O-O Be7 10. h3 O-O 11. Ne5 Rac8 12. Nxc6 Qxc6 13. Bd1 Qb6 14. Nb3 cxd4 15. exd4 Ne4 16. Bc2 Nxc3 17. Re1 Nb5 18. Re2 Nxd4 19. Nxd4 Qxd4 20. Qe1 Rxc2 21. Be5 Rxe2 22. Qxe2 Qe4 23. Re1 Qxe2 24. Rxe2 Rc8 25. g4 Rc1+ 26. Kg2 Be4+ 27. f3 Rc2 28. Kf2 Rxe2+ 29. Kxe2 Bb1 30. a3 Bf6 31. Bb8 Bxb2 32. Bxa7 Bxa3 33. Kd2 b5 34. Kc3 b4+ 35. Kb3 Bd3 36.
Bc5 Bc4+ 37. Ka4 Be2 38. f4 d4 39. Bxd4 Bd1+ 40. Kb5 b3 0-1

[Event "*** Titled Tuesday Blitz"]
[Site "Chess.com"]
[Date "2020.04.07"]
[Round "4"]
[White "Parhamov"]
[Black "Caclox"]
[Result "1-0"]
[WhiteElo "3079"]
[BlackElo "2489"]
[TimeControl "180+1"]
[EndTime "13:39:19 PDT"]
[Termination "Parhamov won on time"]

1. e4 c5 2. Nf3 d6 3. d4 cxd4 4. Nxd4 Nf6 5. Nc3 a6 6. h3 e5 7.
Nde2 h5 8. Nd5 Nxd5 9. Qxd5 Nd7 10. Nc3 Nf6 11. Qd1 Be6 12. Bg5 Be7 13. Qf3 Rc8 14.
Bd3 Nd7 15. Be3 Nf6 16. Rd1 b5 17. a3 Rxc3 18. bxc3 Qc7 19. O-O Qxc3 20. Ra1 Bc4 21. a4 O-O 22. axb5 axb5 23. Ra7 Bd8 24. Rd1 d5 25.
Bxc4 bxc4 26. exd5 Qxc2 27. Rc1 Qd3 28. Bc5 Re8 29. d6 e4 30. Qd1 Re5 31. Be3 Rd5 32. Qa4 Rxd6 33. Qxc4 Qxc4 34. Rxc4 Kh7 35. Rxf7 Kg6 36.
Rb7 Ba5 37. Kh2 Bd2 38. Rcc7 1-0

[Event "*** Titled Tuesday Blitz"]
[Site "Chess.com"]
[Date "2020.04.07"]
[Round "4"]
[White "LogoCzar"]
[Black "DonPreuss"]
[Result "1-0"]
[WhiteElo "2402"]
[BlackElo "2161"]
[TimeControl "180+1"]
[EndTime "13:39:19 PDT"]
[Termination "LogoCzar won by resignation"]

1. e4 e5 2. Nf3 d5 3. exd5 e4 4. Qe2 Nf6 5. d3 Qxd5 6. Nc3 Bb4 7. Bd2 Bxc3 8. Bxc3 O-O 9. dxe4 Nxe4 10. Bd2 Bg4 11. O-O-O Qxa2 12. c3 Nxd2 13. Qxd2 Bf5 14.
Bd3 Bxd3 15. Qxd3 Nc6 16. Rhe1 h6 17. Qb1 Qxb1+ 18. Kxb1 Rad8 19. Kc2 Rxd1 20. Rxd1 Rd8 21. Rxd8+ Nxd8 22. Kd3 Ne6 23. Ke4 Ng5+ 24. Nxg5 hxg5 25.
Kf5 Kf8 26. Kxg5 Ke7 27. Kf5 Kd6 28. h4 c5 29. g4 a6 30. h5 Ke7 31. g5 b5 32. h6 gxh6 33. gxh6 Kf8 34. Ke5 c4 35.
Kd5 Kg8 36. Kc5 Kh7 37. Kb6 Kxh6 38. Kxa6 Kg5 39. Kxb5 Kf4 40. Kxc4 Kf3 41. Kd5 Kxf2 42. Ke5 Ke3 43. Kf6 Kd3 1-0

[Event "*** Titled Tuesday Blitz"]
[Site "Chess.com"]
[Date "2020.04.07"]
[Round "4"]
[White "ShahMatKanal"]
[Black "Abdimalik_Abdisalimov"]
[Result "0-1"]
[WhiteElo "2585"]
[BlackElo "2854"]
[TimeControl "180+1"]
[EndTime "13:39:21 PDT"]
[Termination "Abdimalik_Abdisalimov won by resignation"]

1. d4 Nf6 2. c4 e6 3. a3 c5 4. Nf3 cxd4 5. Nxd4 b6 6. Bf4 a6 7. Nc3 Bb7 8. f3 d6 9. Bg3 Nbd7 10. e4 Be7 11. Be2 O-O 12. O-O Rc8 13. Rc1 Ne5 14. b3 Qc7 15. Kh1 Rfe8 16. Rc2 Qb8 17. Qa1 Nh5 18.
f4 Nxg3+ 19. hxg3 Nd7 20. g4 Bf6 21. Rd1 Nc5 22. g5 Bxd4 23. Rxd4 Nxb3 24. Qd1 Nxd4 25. Qxd4 e5 26. fxe5 Rxe5 27. Nd5 Bxd5 28. exd5 Rce8 29. Bd3 g6 30. Qf4 Qd8 31. Rf2 Qe7 32. Kh2 Rxg5 33.
g3 Re5 34. Bf1 Kg7 35. Bh3 f5 36. g4 Re2 37. gxf5 Rxf2+ 38. Qxf2 Qe2 39. f6+ Kf8 40. Kg2 Qxf2+ 41. Kxf2 Re4 42. Be6 Rxc4 0-1

[Event "*** Titled Tuesday Blitz"]
[Site "Chess.com"]
[Date "2020.04.07"]
[Round "4"]
[White "Tayson_7"]
[Black "riconaipe"]
[Result "1-0"]
[WhiteElo "2724"]
[BlackElo "2524"]
[TimeControl "180+1"]
[EndTime "13:39:21 PDT"]
[Termination "Tayson_7 won by resignation"]

1. d4 d5 2. Nf3 Nf6 3. Bg5 e6 4. Nbd2 c5 5. e3 Nc6 6. c3 Be7 7. Bd3 b6 8. Ne5 Nxe5 9. dxe5 Nd7 10. Bxe7 Qxe7 11. f4 O-O 12. O-O f6 13. exf6 Rxf6 14. e4 Bb7 15. e5 Rh6 16. Qg4 d4 17. c4 Qh4 18. Qxh4 Rxh4 19. g3 Rh6 20. Ne4 Bxe4 21.
Bxe4 Rd8 22. a3 Kf7 23. b4 Ke7 24. h4 Rh5 25. b5 g6 26. a4 Nxe5 27. fxe5 Rxe5 28.
Rf4 d3 29. Kf2 Rd4 30. Bf3 Rd6 31. Rd1 Rf5 32. Rxf5 gxf5 33. Ke3 Rd4 34. Rxd3 Rxc4 35. Bc6 Rxa4 36. Rd7+ Kf6 37. Rxh7 Ke5 38. h5 Ra3+ 39. Kf2 Ra2+ 40. Kf3 Ra3+ 41. Kg2 Ra2+ 42. Kh3 c4 43. h6 Ra3 44. Rf7 Rd3 45. Rf8 f4 46. h7 Rxg3+ 47. Kh4 c3 48. h8=Q+ Kd6 49. Qd4+ 1-0

[Event "*** Titled Tuesday Blitz"]
[Site "Chess.com"]
[Date "2020.04.07"]
[Round "4"]
[White "PenguinPacks"]
[Black "Neimar24"]
[Result "1-0"]
[WhiteElo "2373"]
[BlackElo "2512"]
[TimeControl "180+1"]
[EndTime "13:39:22 PDT"]
[Termination "PenguinPacks won by resignation"]

1. e4 c6 2. d4 d5 3. Nc3 dxe4 4. Nxe4 Nf6 5. Nxf6+ exf6 6. Nf3 Bd6 7. Be3 O-O 8. g3 Re8 9. Bg2 Nd7 10. O-O Nf8 11. c3 Be6 12. Qc2 Qd7 13. Rfd1 Ng6 14. Rac1 b5 15.
b3 a5 16. c4 bxc4 17. bxc4 Rab8 18. Qa4 Qc7 19. d5 cxd5 20. cxd5 Bd7 21. Qd4 Qd8 22. Qd2 Bg4 23. h3 Bd7 24. Nd4 Bb4 25. Qe2 f5 26.
Nc6 Bxc6 27. dxc6 Qf6 28. c7 Rbc8 29. Qb5 Qe7 30. Bb6 h5 31. Qxe8+ Rxe8 32. Rd8 Kh8 33.
Rxe8+ Qxe8 34. c8=R 1-0

[Event "*** Titled Tuesday Blitz"]
[Site "Chess.com"]
[Date "2020.04.07"]
[Round "4"]
[White "Dinamo81"]
[Black "LilRag"]
[Result "1-0"]
[WhiteElo "2602"]
[BlackElo "2367"]
[TimeControl "180+1"]
[EndTime "13:39:23 PDT"]
[Termination "Dinamo81 won by resignation"]

1. d4 Nf6 2. Bf4 e6 3. e3 c5 4. Nf3 Nc6 5. Nbd2 d5 6. c3 Bd6 7. Bg3 O-O 8. Bd3 Re8 9. Ne5 Bxe5 10. dxe5 Nd7 11. f4 Rb8 12. Qh5 Nf8 13. Nf3 c4 14. Bc2 Qb6 15. Kd2 Qxb2 16. Rhb1 Qa3 17. Ng5 g6 18. Qh6 b5 19. Bh4 b4 20. Ne4 g5 21.
Nf6+ Kh8 22. Bxh7 Qxc3+ 23. Kd1 1-0

[Event "*** Titled Tuesday Blitz"]
[Site "Chess.com"]
[Date "2020.04.07"]
[Round "4"]
[White "2L8IWUN"]
[Black "GMBenjaminFinegold"]
[Result "0-1"]
[WhiteElo "2359"]
[BlackElo "2564"]
[TimeControl "180+1"]
[EndTime "13:39:23 PDT"]
[Termination "GMBenjaminFinegold won by resignation"]

1. d4 Nf6 2. Nf3 c5 3. e3 g6 4. b3 Bg7 5. Bb2 O-O 6. dxc5 Na6 7. Nbd2 Nxc5 8. Be2 b6 9. O-O Bb7 10. c4 a6 11. h3 d6 12. Rc1 Rc8 13. b4 Ne6 14. Qb3 Rc7 15. Nd4 Ng5 16. N4f3 Ne6 17. Nd4 Ng5 18.
N4f3 h6 19. Nxg5 hxg5 20. Bf3 Qa8 21. Bd4 b5 22. Bxb7 Qxb7 23. c5 Rfc8 24. Qb2 e5 25.
Bc3 Nd5 26. Ne4 Nxc3 27. Nxd6 Na4 28. Qb3 Qc6 29. Nxc8 Rxc8 30. Rfd1 e4 31. Rd6 Qxd6 32. cxd6 Rxc1+ 33. Kh2 Be5+ 34. g3 Bxd6 35. Qd5 Bxb4 36. Qxe4 Bf8 37. Qe5 Rc2 38. Kg2 Rxa2 39. Qxg5 b4 40.
h4 b3 41. h5 b2 42. hxg6 b1=Q 43. gxf7+ Kxf7 44. Qd5+ Ke8 45. Qc6+ Kd8 46. Qa8+ Kc7 47.
Qxf8 Qb7+ 0-1

[Event "*** Titled Tuesday Blitz"]
[Site "Chess.com"]
[Date "2020.04.07"]
[Round "4"]
[White "Alexander_Donchenko"]
[Black "chessasuke"]
[Result "1-0"]
[WhiteElo "2856"]
[BlackElo "2585"]
[TimeControl "180+1"]
[EndTime "13:39:25 PDT"]
[Termination "Alexander_Donchenko won by checkmate"]

1. Nf3 c5 2. c4 Nc6 3. Nc3 g6 4. e3 Nf6 5. d4 cxd4 6. exd4 d5 7. cxd5 Nxd5 8. Qb3 Nxc3 9. Bc4 Nd5 10. Bxd5 e6 11. Bxc6+ bxc6 12. O-O Qd5 13. Qe3 f6 14.
Bd2 Be7 15. Rfe1 Kf7 16. Qf4 Re8 17. Re5 Qd6 18. Ng5+ Kg8 19. Nxh7 fxe5 20. Qh6 Kf7 21. Ng5+ Bxg5 22. Qh7+ Kf6 23. dxe5+ Kxe5 24. Bc3+ Kd5 25. Rd1+ Kc5 26. b4+ Kc4 27. Rxd6 Kxc3 28. Qxg6 Rd8 29. Rxc6+ Kxb4 30. Qb1+ Ka5 31. Rc5+ Ka4 32. Qb3# 1-0

[Event "*** Titled Tuesday Blitz"]
[Site "Chess.com"]
[Date "2020.04.07"]
[Round "4"]
[White "HiHaruka"]
[Black "IMJonathanCarlstedt"]
[Result "0-1"]
[WhiteElo "2277"]
[BlackElo "2469"]
[TimeControl "180+1"]
[EndTime "13:39:25 PDT"]
[Termination "IMJonathanCarlstedt won by resignation"]

1. d4 g6 2. c4 Bg7 3. Nc3 d6 4. e4 Nc6 5. Nf3 Bg4 6. Be3 e5 7. d5 Nd4 8. Be2 Bxf3 9. Bxf3 Ne7 10. O-O O-O 11. Bxd4 exd4 12. Ne2 c5 13. Rb1 a5 14. g3 Rb8 15. Bg2 b5 16. cxb5 Rxb5 17. Qd3 Qb6 18. b3 Rb8 19. Rbc1 Rb4 20. f4 a4 21. bxa4 Rxa4 22.
Rc2 Rba8 23. Nc1 Qb4 24. Qe2 c4 25. Rb2 Qc5 26. Kh1 d3 27. Qd2 c3 28. Nxd3 Qd4 29.
Qf2 cxb2 30. Qxd4 Bxd4 31. e5 Nf5 32. e6 Rxa2 33. exf7+ Kxf7 34. Nb4 Ra1 35. Nc6 Rxf1+ 0-1

[Event "*** Titled Tuesday Blitz"]
[Site "Chess.com"]
[Date "2020.04.07"]
[Round "4"]
[White "OhanyanEminChess"]
[Black "RestartingChess"]
[Result "0-1"]
[WhiteElo "2567"]
[BlackElo "2369"]
[TimeControl "180+1"]
[EndTime "13:39:26 PDT"]
[Termination "RestartingChess won by resignation"]

1. e4 d5 2. exd5 Qxd5 3. Nc3 Qd6 4. d4 Nc6 5. Be3 Nf6 6. Bc4 a6 7. Bb3 Bg4 8. Nge2 e6 9. h3 Bh5 10. Qd2 O-O-O 11. O-O-O Bg6 12. Nf4 Na5 13. Nxg6 Nxb3+ 14. axb3 hxg6 15. Qe2 Qb6 16. d5 Qa5 17. dxe6 Bb4 18.
Kb1 Bxc3 19. bxc3 Ne4 20. Qg4 Nxc3+ 21. Kb2 Nxd1+ 22. Rxd1 Qe5+ 23. Bd4 Qxe6 24. Qxe6+ fxe6 25. Rd3 Rh4 26. Bxg7 Rxd3 27. cxd3 Kd7 28. Be5 c5 29. Kc3 Kc6 30. Bg3 Rh7 31. Be5 b5 32. f4 Kd5 33.
Kd2 a5 34. Kc2 a4 35. bxa4 bxa4 36. Kb2 c4 37. dxc4+ Kxc4 38. Ka3 Ra7 39. g4 Kd5 40. h4 Ke4 41. h5 g5 42. h6 gxf4 43. Bg7 f3 44. h7 Ra8 45. Bd4 Kxd4 0-1

[Event "*** Titled Tuesday Blitz"]
[Site "Chess.com"]
[Date "2020.04.07"]
[Round "4"]
[White "SmirnovTimofey2000"]
[Black "Noukii"]
[Result "0-1"]
[WhiteElo "2525"]
[BlackElo "2736"]
[TimeControl "180+1"]
[EndTime "13:39:27 PDT"]
[Termination "Noukii won on time"]

1. e4 Nf6 2. e5 Nd5 3. c4 Nb6 4. d4 d6 5. f4 g6 6. Be3 dxe5 7. fxe5 c5 8. d5 Bg7 9. Bf4 O-O 10. Nf3 Bg4 11. Nbd2 e6 12. dxe6 fxe6 13. Bg3 Nc6 14. Be2 Nd7 15. O-O Bxf3 16. Nxf3 Ndxe5 17. Nxe5 Rxf1+ 18. Qxf1 Qd4+ 19. Kh1 Bxe5 20. Bf2 Qf4 21. Bg1 Qxf1 22. Rxf1 Bd4 23. Bf3 Ne5 24. Be2 Bxg1 25. Kxg1 Rd8 26.
Rb1 Rd2 0-1

[Event "*** Titled Tuesday Blitz"]
[Site "Chess.com"]
[Date "2020.04.07"]
[Round "4"]
[White "pedromartinez91"]
[Black "Mikromurks"]
[Result "1-0"]
[WhiteElo "2501"]
[BlackElo "2321"]
[TimeControl "180+1"]
[EndTime "13:39:28 PDT"]
[Termination "pedromartinez91 won by resignation"]

1. Nf3 Nf6 2. g3 d6 3. d4 Nbd7 4. c4 e5 5. Nc3 Be7 6. Bg2 O-O 7. O-O c6 8. e4 Qc7 9. Qc2 Re8 10. Re1 a5 11. b3 Nf8 12. Bb2 Bg4 13.
dxe5 dxe5 14. Na4 Bxf3 15. Bxf3 Ne6 16. Rad1 Bb4 17. Rf1 h5 18. h3 g6 19. Kg2 Nd7 20. Qc1 Be7 21. Rxd7 Qxd7 22. Nb6 Qc7 23. Nxa8 Rxa8 24.
Rd1 Bc5 25. h4 Bd4 26. Ba3 Rd8 27. Qh6 Qb6 28. Be7 1-0

[Event "*** Titled Tuesday Blitz"]
[Site "Chess.com"]
[Date "2020.04.07"]
[Round "4"]
[White "biostatistician"]
[Black "Misi_95"]
[Result "0-1"]
[WhiteElo "2512"]
[BlackElo "2707"]
[TimeControl "180+1"]
[EndTime "13:39:29 PDT"]
[Termination "Misi_95 won by resignation"]

1. d4 Nf6 2. Nf3 e6 3. c4 c5 4.
e3 d5 5. Nc3 Nc6 6. a3 cxd4 7.
exd4 Be7 8. cxd5 Nxd5 9. Bc4 Nxc3 10. bxc3 O-O 11. O-O b6 12. Qe2 Bb7 13. Bd3 Na5 14. Bf4 Rc8 15. Qe3 Qd5 16. c4 Nxc4 17. Qe2 Na5 18. Rfe1 Nb3 19. Rad1 Nxd4 20. Bxh7+ Kxh7 21. Rxd4 Qf5 22. Ne5 Rc2 23. Rd2 Rxd2 24. Bxd2 Rd8 25. Bb4 Bf6 26. Nxf7 Qg6 0-1

[Event "*** Titled Tuesday Blitz"]
[Site "Chess.com"]
[Date "2020.04.07"]
[Round "4"]
[White "Rodalquilar"]
[Black "AsaHoffmann"]
[Result "1-0"]
[WhiteElo "2623"]
[BlackElo "2274"]
[TimeControl "180+1"]
[EndTime "13:39:30 PDT"]
[Termination "Rodalquilar won by resignation"]

1. d4 Nf6 2. Bf4 c5 3. e3 b6 4.
Nf3 Bb7 5. Nbd2 d6 6. h3 g6 7. Be2 Bg7 8. O-O O-O 9. Bh2 Nbd7 10. c3 Rc8 11. a4 a6 12. Bd3 Rc7 13. Qe2 Qa8 14. e4 Re8 15. e5 Nd5 16. e6 fxe6 17. Qxe6+ Kh8 18. Ng5 Rf8 19. Nxh7 N5f6 20. Nxf8 Nxf8 21.
Qe3 Bxg2 22. Rfe1 cxd4 23. cxd4 Nh5 24. Rac1 Rxc1 25. Rxc1 Qd5 26. Be4 Bxe4 27. Qxe4 Qa2 28. Nf3 Qxb2 29. Rc8 Kh7 30. Qxe7 Qb1+ 31. Kg2 Qf5 32.
Bxd6 Ne6 33. Qxe6 1-0

[Event "*** Titled Tuesday Blitz"]
[Site "Chess.com"]
[Date "2020.04.07"]
[Round "4"]
[White "MFBerna"]
[Black "pastouche06"]
[Result "1-0"]
[WhiteElo "2328"]
[BlackElo "2435"]
[TimeControl "180+1"]
[EndTime "13:39:32 PDT"]
[Termination "MFBerna won by resignation"]

1. e4 c6 2. d4 d5 3. exd5 cxd5 4. Bd3 Nc6 5. c3 Nf6 6. h3 g6 7. Nf3 Bf5 8. O-O Bg7 9. Re1 O-O 10. Bf4 Bxd3 11.
Qxd3 e6 12. Nbd2 Qb6 13. Bd6 Rfd8 14. Bc5 Qc7 15. Re2 b6 16. Ba3 Rac8 17. Rae1 Na5 18.
Ne5 Nc4 19. Ndxc4 dxc4 20. Qf3 Nd5 21. Re4 Re8 22. h4 h5 23. Qg3 Bxe5 24. Rxe5 Kg7 25.
Qf3 Qd8 26. Rg5 Rh8 27. Qg3 Rc6 28. Re4 Qf6 29. Bd6 Qd8 30. Be5+ Nf6 31. Rf4 1-0

[Event "*** Titled Tuesday Blitz"]
[Site "Chess.com"]
[Date "2020.04.07"]
[Round "4"]
[White "SergioGarciaFuentes"]
[Black "JulAnt"]
[Result "0-1"]
[WhiteElo "2202"]
[BlackElo "2424"]
[TimeControl "180+1"]
[EndTime "13:39:32 PDT"]
[Termination "JulAnt won by resignation"]

1. Nf3 g6 2. d4 Nf6 3. b3 Bg7 4. Bb2 O-O 5. g3 d6 6. Bg2 c5 7. O-O Nbd7 8. Nbd2 Qc7 9. c4 a6 10. Rc1 cxd4 11. Nxd4 e5 12. Nc2 Nc5 13. Nb1 Be6 14. Nc3 Rad8 15. Ne3 Qb8 16. Ncd5 Bxd5 17. Nxd5 Nxd5 18.
Qxd5 b5 19. Rfd1 Rfe8 20. e3 b4 21. h4 h5 22. Rd2 e4 23. Bxg7 Kxg7 24. Rcd1 Re5 25.
Qd4 f5 26. Qxe5+ dxe5 27. Rxd8 Qb7 28. R8d5 Qe7 29. Bf1 f4 30. exf4 exf4 31. gxf4 Qxh4 32. Rxc5 Qg4+ 0-1

[Event "*** Titled Tuesday Blitz"]
[Site "Chess.com"]
[Date "2020.04.07"]
[Round "4"]
[White "sorrm8thatscheckm8"]
[Black "SoltaniciR"]
[Result "1/2-1/2"]
[WhiteElo "2435"]
[BlackElo "2642"]
[TimeControl "180+1"]
[EndTime "13:39:33 PDT"]
[Termination "Game drawn by agreement"]

1. d4 Nf6 2. c4 Nc6 3. Nf3 e6 4. a3 d6 5. Nc3 g6 6. g3 Bg7 7. Bg2 O-O 8. O-O Na5 9. Qd3 Nb3 10. Rb1 Nxc1 11. Rbxc1 c6 12. Rcd1 Qe7 13. e4 e5 14.
dxe5 dxe5 15. b4 a5 16. c5 axb4 17. axb4 Re8 18. Nd2 Be6 19. Nc4 Nd7 20. Nd6 Reb8 21. Ra1 b6 22. Na4 Rd8 23. Nb7 Rdb8 24. Nd6 bxc5 25. bxc5 Rd8 26. Rfd1 Nxc5 27. Nxc5 Rxa1 28. Rxa1 Qxd6 29. Qxd6 Rxd6 30. Nxe6 Rxe6 31. Rd1 Bf8 32. Bf1 Bc5 33. Bc4 Rf6 34. Rd2 Bd4 35. Kg2 c5 36. Ra2 h5 37. f3 g5 38. Ra6 Rxa6 39. Bxa6 Kf8 40. h3 Ke7 41. g4 1/2-1/2

[Event "*** Titled Tuesday Blitz"]
[Site "Chess.com"]
[Date "2020.04.07"]
[Round "4"]
[White "HarutyunianTigranK"]
[Black "Harry_Rakkel"]
[Result "1-0"]
[WhiteElo "2703"]
[BlackElo "2511"]
[TimeControl "180+1"]
[EndTime "13:39:36 PDT"]
[Termination "HarutyunianTigranK won by resignation"]

1. c4 e5 2. Nc3 Nf6 3. Nf3 Nc6 4. e4 Bc5 5. Nxe5 Nxe5 6. d4 Bd6 7. c5 Bxc5 8. dxc5 O-O 9. Be2 b6 10. Be3 Bb7 11. f3 Re8 12. O-O bxc5 13. Bxc5 d6 14.
Bf2 a6 15. Qa4 Nfd7 16. Rfd1 Ng6 17. Rac1 Qg5 18. Bf1 Nde5 19. Ne2 Nxf3+ 20. Kh1 Nd2 21. Rxc7 Bxe4 22. Ng3 Nxf1 23. Rxf1 d5 24. Bd4 Nh4 25. Rcxf7 Bxg2+ 26. Kg1 Bxf1 27. Rxg7+ Qxg7 28. Bxg7 Bc4 29. Bc3 Re7 30. Qc6 Rae8 31. Qf6 d4 32. Qxh4 dxc3 33. Qxc4+ 1-0

[Event "*** Titled Tuesday Blitz"]
[Site "Chess.com"]
[Date "2020.04.07"]
[Round "4"]
[White "Rakesh"]
[Black "HrvojeZagreb"]
[Result "1-0"]
[WhiteElo "2333"]
[BlackElo "2115"]
[TimeControl "180+1"]
[EndTime "13:39:36 PDT"]
[Termination "Rakesh won on time"]

1. e4 e6 2. d4 d5 3. Bd3 dxe4 4. Bxe4 Nf6 5. Bf3 Nbd7 6. Nc3 Bb4 7. Ne2 O-O 8. O-O e5 9. Bg5 c6 10. dxe5 Nxe5 11. Qxd8 Rxd8 12. Be4 Be6 13. Bxf6 gxf6 14. a3 Bf8 15. Ng3 Rd2 16. f4 Nc4 17. f5 Bd5 18. Nxd5 cxd5 19. Bf3 Ne3 20. Rf2 Rxf2 21. Kxf2 Nxc2 22.
Rc1 Bc5+ 23. Ke2 Nd4+ 24. Kd3 Nxf3 25. gxf3 Bb6 26. Nh5 Rd8 27. Nxf6+ Kh8 28. Re1 Kg7 29. Ng4 Rd7 30. f6+ Kf8 31. Ne5 Rd6 32. Re2 Kg8 33. Rg2+ Kf8 34. Rg5 1-0

[Event "*** Titled Tuesday Blitz"]
[Site "Chess.com"]
[Date "2020.04.07"]
[Round "4"]
[White "jacky72"]
[Black "Playgood28"]
[Result "1-0"]
[WhiteElo "2702"]
[BlackElo "2241"]
[TimeControl "180+1"]
[EndTime "13:39:40 PDT"]
[Termination "jacky72 won on time"]

1. d4 f5 2. Bg5 h6 3. Bh4 g5 4. e3 Nf6 5. Bg3 d6 6. c4 Nc6 7.
Nc3 e6 8. Bd3 Bd7 9. h4 Rg8 10.
hxg5 hxg5 11. Nge2 Qe7 12. d5 Ne5 13. Nd4 Nxd3+ 14.
Qxd3 f4 15. Bh2 e5 16. Ndb5 Bxb5 17. cxb5 g4 18. O-O-O g3 19. fxg3 fxg3 20. Bg1 e4 21. Qc4 O-O-O 22. Rh4 Rg4 23. Rxg4 Nxg4 24. Qxe4 Qxe4 25.
Nxe4 Re8 26. Nxg3 Nxe3 27. Re1 Bh6 28. Kb1 Kd7 29. Bxe3 Rxe3 30. Rxe3 Bxe3 31. Kc2 Bg1 32. Nf5 Ke8 33. Kd3 Kf7 34. Ke4 Kf6 35. Nh4 Bc5 36. Nf3 Bb6 37. g4 Bc5 38. g5+ Kg6 39.
Kf4 Bb6 40. Kg4 Be3 41. Nh4+ Kf7 42. g6+ Kg8 43. g7 Bd4 44. b3 Bxg7 45. Kf5 Kf7 46. Ng6 1-0

[Event "*** Titled Tuesday Blitz"]
[Site "Chess.com"]
[Date "2020.04.07"]
[Round "4"]
[White "moro182"]
[Black "fireheart92"]
[Result "0-1"]
[WhiteElo "2692"]
[BlackElo "2893"]
[TimeControl "180+1"]
[EndTime "13:39:41 PDT"]
[Termination "fireheart92 won by resignation"]

1. d4 d5 2. c4 dxc4 3. e3 Nf6 4. Bxc4 e6 5. Nf3 a6 6. O-O b5 7. Bd3 Bb7 8. Qe2 Nbd7 9. e4 c5 10. Nbd2 cxd4 11. e5 Nd5 12. Ne4 Qb8 13. Ng3 g6 14. Bd2 Bg7 15. Rfe1 O-O 16. h4 Ne7 17. Bf4 Bxf3 18.
Qxf3 Nd5 19. Be4 Nxf4 20. Bxa8 Bh6 21. Be4 Nxe5 22. Qd1 Rd8 23. h5 d3 24. hxg6 hxg6 25. Bf3 d2 26. Re3 Nfd3 27. Rxd3 Nxd3 28. Ne4 Nxb2 29.
Qc2 Qe5 30. Rb1 d1=Q+ 31. Bxd1 Rxd1+ 32. Rxd1 Nxd1 0-1

[Event "*** Titled Tuesday Blitz"]
[Site "Chess.com"]
[Date "2020.04.07"]
[Round "4"]
[White "BobSacIt"]
[Black "renehp"]
[Result "0-1"]
[WhiteElo "2189"]
[BlackElo "2415"]
[TimeControl "180+1"]
[EndTime "13:39:41 PDT"]
[Termination "renehp won by resignation"]

1. e4 c5 2. Nf3 d6 3. d4 cxd4 4.
Nxd4 Nf6 5. Nc3 a6 6. Rg1 e5 7. Nb3 Be6 8. h3 Be7 9. Be3 Qc7 10. g4 O-O 11. g5 Nfd7 12. Qd2 b5 13. O-O-O Rc8 14.
Kb1 b4 15. Nd5 Bxd5 16. exd5 a5 17. Bd3 Na6 18. h4 a4 19. Nc1 Ndc5 20. h5 b3 21. g6 e4 22. gxh7+ Kh8 23. Bd4 Bf8 24. h6 f6 25.
hxg7+ Bxg7 26. Bxa6 bxc2+ 27. Qxc2 Rxa6 28. Bxc5 Qxc5 29. Qxe4 Ra7 30. Rde1 Rac7 31. a3 f5 32. Qxf5 Rb8 33. Nd3 Qc2+ 34. Ka1 Bxb2+ 35. Ka2 Bg7+ 0-1

[Event "*** Titled Tuesday Blitz"]
[Site "Chess.com"]
[Date "2020.04.07"]
[Round "4"]
[White "iaraldinho"]
[Black "Galileo22"]
[Result "1-0"]
[WhiteElo "2635"]
[BlackElo "2339"]
[TimeControl "180+1"]
[EndTime "13:39:45 PDT"]
[Termination "iaraldinho won by resignation"]

1. e4 c5 2. Nf3 Nc6 3. d4 cxd4 4.
Nxd4 Nf6 5. Nc3 e5 6. Ndb5 d6 7. Bg5 a6 8. Bxf6 gxf6 9. Na3 b5 10. Nd5 f5 11. Nxb5 axb5 12. Bxb5 Bd7 13. exf5 Rg8 14. O-O Rb8 15. a4 Qg5 16. g3 Qxf5 17.
c3 h5 18. f4 e4 19. Re1 Kd8 20. Ne3 Qc5 21. b4 Qxc3 22. Rc1 Qd4 23. Bxc6 Qxd1 24. Rexd1 Rxb4 25. Bxd7 Kxd7 26. Nd5 Rxa4 27. Nf6+ Ke6 28. Nxg8 Bg7 29. f5+ Kxf5 30. Rxd6 Kg4 31.
Rf1 Be5 32. Nh6+ Kh3 33. Rd2 Ra3 34. Nxf7 Bxg3 35. Ng5+ Kg4 36. hxg3 Kxg5 37. Kg2 e3 38. Re2 Kg4 39. Rf4+ Kg5 40. Rf3 1-0